 Dungeon Crawl Stone Soup version 0.31-a0-627-gd65175cf8b (webtiles) character file.

Game seed: 16794327086821829188

594 GordonOverkill the Sneak (level 7, 0/38 HPs)
             Began as a Vine Stalker Delver on Aug 25, 2023.
             Succumbed to an orc's poison
             ... on level 4 of the Dungeon.
             The game lasted 00:08:39 (3516 turns).

GordonOverkill the Sneak (Vine Stalker Delver)      Turns: 3516, Time: 00:08:40

Health: 0/38       AC: 11    Str: 15    XL:     7   Next: 39%
Magic:  12/14      EV: 11    Int: 12    God:
Gold:   213        SH:  0    Dex: 18    Spells: 14/14 levels left

rFire   . . .        h - +1 dagger (venom)
rCold   . . .        (no shield)
rNeg    . . .        l - +5 ring mail of Iqaixiah {Dex+3}
rPois   .            (no helmet)
rElec   .            (no cloak)
rCorr   .            f - +0 pair of gloves
SInv    .            (no boots)
Will    .....        (no amulet)
Stlth   +++          (no ring)
HPRegen 1.06/turn    (no ring)
MPRegen 0.14/turn

%: guardian spirit
@: brilliant, lethally poisoned (0 -> -3)
A: fangs 2, regeneration 1, magic shield, antimagic bite, no potion heal 2
a: no special abilities


You were on level 4 of the Dungeon.
You visited 1 branch of the dungeon, and saw 6 of its levels.
You also visited: Sewer.

You collected 213 gold pieces.

Inventory:

Hand Weapons
 h - a +1 dagger of venom (weapon)
Missiles
 a - 6 curare-tipped darts
 t - 5 silver javelins (quivered)
Armour
 b - a +0 leather armour
 f - a +0 pair of gloves (worn)
 l - the +5 ring mail of Iqaixiah (worn) {Dex+3}
   (You found it on level 5 of the Dungeon)

   Dex+3:     It affects your dexterity (+3).
Jewellery
 u - a ring of ice
Wands
 g - a wand of digging (3)
 j - a wand of charming (4)
 m - a wand of mindburst (17)
 p - a wand of light (4)
Scrolls
 c - 2 scrolls of fog
 d - a scroll of revelation
 e - 2 scrolls of teleportation
 o - a scroll of vulnerability
 q - a scroll of fear
 v - a scroll of poison {unknown}
 y - a scroll of immolation {unknown}
 z - a scroll of identify {unknown}
Potions
 i - a potion of resistance
 w - a potion of degeneration {unknown}
 x - a potion of might {unknown}


   Skills:
 + Level 4.9 Fighting
 - Level 2.0 Short Blades
 + Level 0.5 Throwing
 - Level 1.5 Dodging
 - Level 6.0 Stealth
 + Level 4.3 Spellcasting
 + Level 1.4 Necromancy
 - Level 3.0 Evocations


You had 14 spell levels left.
You didn't know any spells.
Your spell library contained the following spells:

 Spells                   Type           Power      Damage    Failure   Level
 Necrotise                Necr           32%        1d5       24%         1
 Apportation              Tloc           6%         N/A       41%         1
 Vampiric Draining        Necr           8%         2d6       58%         3
 Gell's Gravitas          Tloc           3%         N/A       78%         3
 Teleport Other           Tloc           3%         N/A       78%         3
 Anguish                  Hex/Necr       3%         N/A       97%         4
 Cause Fear               Hex            1%         N/A       99%         4
 Agony                    Necr           8%         N/A       100%        5
 Alistair's Intoxication  Tmut/Pois      2%         N/A       100%        5
 Dispersal                Tloc           1%         N/A       100%        6
 Enfeeble                 Hex            1%         N/A       100%        7


Dungeon Overview and Level Annotations

Branches:
Dungeon (6/15)              Sewer (visited)
 Temple: D:4-7

Altars:

Shops:
D:2 =

Annotations:
D:5 exclusion: downstairs


Innate Abilities, Weirdness & Mutations

You have extremely sharp teeth.
Your natural rate of healing is unusually fast.
When hurt, damage is shared between your health and your magic reserves.
Your bite disrupts and absorbs the magic of your enemies.
Potions cannot restore your health.


Message History

You feel very sick. The orc barely misses you.
You are too injured to fight recklessly!
You hit the orc but do no damage.
The orc is poisoned.
You bite the orc. You drain its power.
You feel invigorated.
The orc is almost dead.
You feel very sick.
You hit the orc but do no damage.
The orc looks even sicker.
The orc is almost dead.
You feel very sick. The orc hits you but does no damage.
You are more poisoned.
You closely miss the orc. You bite the orc, but do no damage.
The orc is almost dead.
You feel very sick.
The orc hits you with a +2 hand axe of venom.
* * * LOW HITPOINT WARNING * * *
You are lethally poisoned!
It was a potion of resistance.
You feel protected.
* * * LOW HITPOINT WARNING * * *
You feel very sick.
You kill the orc!
It was a potion of attraction.
You feel attractive to monsters.
* * * LOW HITPOINT WARNING * * *
You feel very sick.
It was a potion of cancellation.
Your magical effects are unravelling.
You feel magically purged.
Your resistance to elements expires.
* * * LOW HITPOINT WARNING * * *
You feel very sick.
You feel less attractive to monsters.
It was a potion of heal wounds.
That seemed strangely inert.
* * * LOW HITPOINT WARNING * * *
You feel very sick.
It was a potion of brilliance.
You feel clever all of a sudden.
You die...

#.............####
#.........##..#... #
#..........##.#.#. #.
##.............#.#.
...###..........###...#.
#.<.........##### ######
#.....#.#.#.####
#..............#
#.....#@#.#....#
#.....)).......#
......#.#.#....#
...#........##..#
.......##.### #:#
.#..### #.. .# #.. .#.
#. ##..


There were no monsters in sight!

Vanquished Creatures
  Pargi (Sewer)
  A black bear (D:5)
  A phantom (D:4)
  3 hounds (D:5)
  Ijyb (D:5)
  2 iguanas (D:5)
  7 adders
  A gnoll (D:3)
  A river rat (D:3)
  2 worms
  6 dart slugs
  6 orcs
  5 endoplasms
  4 giant cockroaches
  3 goblins
  3 hobgoblins
  3 jackals (D:3)
  3 quokkas
  6 ball pythons
  8 bats
  4 frilled lizards
  6 kobolds
  13 rats
90 creatures vanquished.

Notes
Turn   | Place    | Note
-------+----------+-------------------------------------------
     0 | D:5      | GordonOverkill the Vine Stalker Delver began the quest for
                  | the Orb.
     0 | D:5      | Reached XP level 1. HP: 11/11 MP: 2/2
    42 | D:5      | Noticed a hound
    44 | D:5      | Killed a hound
    45 | D:5      | Reached XP level 2. HP: 17/17 MP: 3/3
    45 | D:5      | Reached XP level 3. HP: 21/21 MP: 4/4
    86 | D:5      | Noticed a phantom
   115 | D:6      | Noticed a sky beast
   134 | D:5      | Reached skill level 1 in Evocations
   134 | D:5      | Gained mutation: Your natural rate of healing is unusually
                  | fast. [Vine Stalker growth]
   134 | D:5      | Reached XP level 4. HP: 3/25 MP: 1/5
   202 | D:5      | Identified the +5 ring mail of Iqaixiah {Dex+3}
   308 | D:5      | Noticed a black bear
   316 | D:5      | Killed a black bear
   317 | D:5      | Reached XP level 5. HP: 23/29 MP: 3/9
   381 | D:5      | Reached XP level 6. HP: 33/33 MP: 9/11
   494 | D:5      | Noticed Ijyb
   527 | D:5      | Killed Ijyb
  1125 | D:3      | Found a glowing drain.
  1132 | Sewer    | Entered a sewer
  1209 | Sewer    | Noticed Pargi
  1211 | Sewer    | Killed Pargi
  1345 | D:2      | Reached XP level 7. HP: 38/38 MP: 13/13
  1414 | D:2      | Found a faded altar of an unknown god.
  2353 | D:2      | Found Janiek's Jewellery Shoppe.
  2935 | D:3      | Reached skill level 1 in Necromancy
  3515 | D:4      | HP: 1/38 [poisoned by an orc]
  3516 | D:4      | Succumbed to an orc's poison

Illustrated notes

Levels and vault maps discovered:
D:1:      minmay_arrival_stair_chambers, layout_loops_ring
D:2:      layout_loops_corners, hellmonk_ecumenical_altar_run_dry, serial_shops,
          nicolae_shop_trees, dreamdust_mushroom_princess
D:3:      layout_rooms, gup_sewer_entry_bubbles, chequers_hall_statues_corner_a,
          hangedman_decor_points, minmay_starry_boxes
D:4:      layout_rooms, serial_co_window_serial, co_window_paths_b,
          co_window_of_opportunity_a, co_window_paths_b, co_window_paths_b,
          co_window_of_opportunity_a, co_window_of_opportunity_b,
          co_window_cross_3, co_window_corner_ca, co_window_2corner,
          co_window_broadway_a, co_window_corner_b, glass_columns_b,
          glass_columns_c, glass_columns_b
D:5:      layout_loops_corners, uniq_ijyb
D:6:      layout_gridville, mainiacjoe_overflow_tiny_flanked,
          kennysheep_mini_moat

Skill      XL: |  1  2  3  4  5  6  7 |
---------------+----------------------+-----
Fighting       | 3 4 |  4.9
Evocations     | 1 3 |  3.0
Short Blades   | 2 |  2.0
Spellcasting   | 2 3 4 |  4.3
Necromancy     | 1 |  1.4
Throwing       | |  0.5
Dodging        | |  1.5
Stealth        | |  6.0

Action                     |  1- 3 |  4- 6 |  7- 9 || total
---------------------------+-------+-------+-------++-------
  Melee: Short sword       |    14 |   162 |    57 ||   233
         Bite              |     4 |    40 |    27 ||    71
         Punch             |       |     2 |     1 ||     3
         Dagger            |       |       |    61 ||    61
  Evoke: Wand              |       |     3 |       ||     3
    Use: Scroll            |       |     1 |     5 ||     6
         Potion            |       |     1 |     5 ||     6
   Stab: Sleeping          |     1 |     7 |    16 ||    24
         Distracted        |       |       |     1 ||     1
 Armour: Leather armour    |     1 |     9 |       ||    10
         Ring mail         |       |    55 |    44 ||    99
  Dodge: Dodged            |    10 |   122 |    56 ||   188

Table legend: (Time is in decaauts)
 A = Elapsed time spent in this place.
 B = Non-inter-level travel time spent in this place.
 C = Inter-level travel time spent in this place.
 D = Time resting spent in this place.
 E = Time spent auto-exploring this place.
 F = Levels seen in this place.
 G = Mean time per level.
                   A        B        C        D        E       F      G
               +--------+--------+--------+--------+--------+-----+--------+
         Total |   3495 |   3305 |    190 |    369 |   1638 |   7 |  499.3 |
       Dungeon |   3371 |   3181 |    190 |    369 |   1607 |   6 |  561.8 |
         Sewer |    124 |    124 |      0 |      0 |     31 |   1 |  124.0 |
               +--------+--------+--------+--------+--------+-----+--------+

Top non-repeatable levels by time:
     D:2: 890 daAuts
     D:3: 807 daAuts
     D:5: 788 daAuts
     D:1: 632 daAuts
     D:4: 218 daAuts
   Sewer: 124 daAuts
     D:6: 34 daAuts
